[Event "FIDE World Cup O10-TB 2024"]
[Site "Batumi"]
[Date "2024.07.02"]
[Round "2.1"]
[White "Ling, Chenxuan"]
[Black "Bolashakov, Nurali"]
[Result "1/2-1/2"]
[ECO "E60"]
[WhiteElo "1868"]
[BlackElo "1843"]
[Annotator "NA RC"]
[PlyCount "79"]
[EventDate "2024.06.23"]
[EventType "swiss"]
[EventCountry "GEO"]
[SourceTitle "playchess.com"]
[Source "ChessBase"]
[SourceQuality "1"]
[TimeControl "5400+30"]

1. d4 Nf6 2. c4 g6 3. h4 c5 4. d5 d6 5. Nc3 Bg7 6. e4 Nbd7 7. f3 h5 8. Nh3 a6 9. Nf2 Rb8 10. a4 Ne5 11. Be2 Bd7 12. Bf4 Bh6 13. g3 Qb6 14. Qd2 Ng8 15. Qc2 Bg7 16. Bd2 Qc7 17. f4 Ng4 18. Nxg4 hxg4 19. O-O f5 20. Bd3 Nh6 21. Rae1 O-O 22. e5 Kh7 23. exd6 exd6 24. Re7 Rbe8 25. Rfe1 Rxe7 26. Rxe7 Re8 27. Rxe8 Bxe8 28. b3 Qe7 29. Qd1 Bd7 30. Qe2 Qxe2 31. Bxe2 Kg8 32. Bd3 b6 33. a5 bxa5 34. Na4 Bxa4 35. bxa4 Kf7 36. Bxa5 Ke7 37. Bc2 Bd4+ 38. Kf1 Nf7 39. Bb6 Nd8 40. a5 1/2-1/2

[Event "FIDE World Cup O10-TB 2024"]
[Site "Batumi"]
[Date "2024.07.02"]
[Round "2.2"]
[White "Chakrabarty, Reyaansh"]
[Black "Zabelin, Platon"]
[Result "1/2-1/2"]
[ECO "B13"]
[WhiteElo "2185"]
[BlackElo "1799"]
[Annotator "RC"]
[PlyCount "101"]
[EventDate "2024.06.23"]
[EventType "swiss"]
[EventCountry "GEO"]
[SourceTitle "playchess.com"]
[Source "ChessBase"]
[SourceQuality "1"]
[TimeControl "5400+30"]

1. e4 c6 2. d4 d5 3. exd5 cxd5 4. Bd3 Nc6 5. c3 g6 6. Nf3 Nf6 7. O-O Bf5 8. Re1 Bxd3 9. Qxd3 Qc7 10. Ne5 Bg7 11. Nxc6 bxc6 12. b3 O-O 13. Ba3 Rfe8 14. Nd2 e5 15. dxe5 Rxe5 16. Rxe5 Qxe5 17. Nf3 Qc7 18. Bb2 Ne4 19. Nd2 f5 20. Nxe4 fxe4 21. Qe2 Be5 22. h3 Qg7 23. Qe3 Rf8 24. Rf1 Bc7 25. Qd4 Bb6 26. Qxg7+ Kxg7 27. Bc1 c5 28. Rd1 d4 29. cxd4 cxd4 30. Bb2 Kg8 31. Rxd4 Bxd4 32. Bxd4 Kf7 33. Bxa7 Ra8 34. Bc5 Rxa2 35. b4 Ra1+ 36. Kh2 Ke6 37. g3 Kd5 38. Kg2 Kc4 39. h4 Ra3 40. Kh3 h5 41. Kg2 Rb3 42. Be3 Rxe3 43. fxe3 Kxb4 44. g4 Kc4 45. Kg3 Kc3 46. Kf4 hxg4 47. Kxe4 g3 48. Kf3 Kd3 49. Kxg3 Kxe3 50. Kg4 Kf2 51. Kg5 1/2-1/2

[Event "FIDE World Cup O10-TB 2024"]
[Site "Batumi"]
[Date "2024.07.02"]
[Round "2.3"]
[White "Yu, Zechen"]
[Black "Shangin, Lev"]
[Result "1/2-1/2"]
[ECO "B45"]
[WhiteElo "1889"]
[BlackElo "2031"]
[Annotator "NA RC"]
[PlyCount "53"]
[EventDate "2024.06.23"]
[EventType "swiss"]
[EventCountry "GEO"]
[SourceTitle "playchess.com"]
[Source "ChessBase"]
[SourceQuality "1"]
[TimeControl "5400+30"]

1. e4 c5 2. Nf3 e6 3. d4 cxd4 4. Nxd4 Nf6 5. Nc3 Nc6 6. Ndb5 Bc5 7. Bf4 O-O {[%emt 0:00:19] B45: Sicilian Four Knights.} 8. Bc7 Qe7 9. Bd6 Bxd6 10. Qxd6 Qd8 11. O-O-O a6 12. Nd4 Ne7 13. e5 Ne8 14. Qb4 Nc7 15. Qb6 Ned5 16. Nxd5 Nxd5 17. Qxd8 Rxd8 18. Bc4 Nc7 19. Be2 f6 20. f4 Nd5 21. Bc4 fxe5 22. fxe5 b5 $16 ({Avoid the trap} 22... Ne3 $2 23. Nxe6 Nxc4 24. Nxd8 $18) 23. Bxd5 exd5 24. Nf5 Bb7 25. Ne7+ Kf7 26. Nxd5 Rac8 27. Rhe1 1/2-1/2

[Event "FIDE World Cup O10-TB 2024"]
[Site "Batumi"]
[Date "2024.07.02"]
[Round "2.4"]
[White "Vyom Malhotra"]
[Black "Zhauynbay, Alimzhan"]
[Result "0-1"]
[ECO "B23"]
[WhiteElo "1803"]
[BlackElo "1903"]
[Annotator "NA RC"]
[PlyCount "242"]
[EventDate "2024.06.23"]
[EventType "swiss"]
[EventCountry "GEO"]
[SourceTitle "playchess.com"]
[Source "ChessBase"]
[SourceQuality "1"]
[TimeControl "5400+30"]

1. e4 c5 2. Nc3 d6 3. f4 g6 4. Nf3 Bg7 5. Bb5+ Bd7 6. Bc4 {[%emt 0:00:37] B23: Closed Sicilian: Lines without g3.} Nc6 7. d3 {[%emt 0:00:24] now supersedes 7.0-0.} e6 8. O-O Nge7 9. a3 O-O 10. Be3 Nd4 11. Ba2 Nec6 12. Rb1 $146 ({Predecessor:} 12. Kh1 b5 13. Qd2 a5 14. Rae1 b4 15. Nd1 b3 16. cxb3 Rb8 17. Qf2 Nxf3 18. Qxf3 {½-½ Tagelsir,A (2232)-Yang,C (2172) Olympiad-44 Chennai 2022 (10.1)}) 12... b5 13. Ne2 b4 14. Bxd4 cxd4 15. axb4 Nxb4 16. Bb3 Qb6 17. Kh1 a5 18. c3 a4 19. Bc4 Nc6 20. cxd4 Nxd4 21. Nexd4 Bxd4 22. Nxd4 Qxd4 23. f5 exf5 24. Rf4 $19 Rab8 25. Qd2 a3 26. b4 fxe4 27. Rxe4 Qg7 28. Re7 Bf5 29. Qa2 Qf6 30. Rbe1 Rxb4 31. Qxa3 Rb2 32. Qa7 h5 33. Qe3 h4 34. h3 Kg7 35. Ra7 Rbb8 36. Qe7 Qxe7 37. Rexe7 Kf6 38. Bxf7 Rb1+ 39. Kh2 Rc8 40. Rec7 Rxc7 41. Rxc7 Bxd3 42. Bc4 Be4 43. Rd7 Ke5 44. Be2 Rb2 45. Bf1 d5 46. Re7+ Kf4 47. Rh7 g5 48. Rf7+ Ke3 49. Rg7 Rf2 50. Kg1 Rf5 51. Ba6 d4 52. Re7 d3 53. Bxd3 Kxd3 54. Ra7 Ke3 55. Ra3+ Bd3 56. Ra7 Rf1+ 57. Kh2 Rf2 58. Rg7 Kf4 59. Rf7+ Bf5 60. Rf8 Rb2 61. Rf7 Re2 62. Rf8 Re5 63. Rf7 Rd5 64. Rf8 Ke3 65. Rg8 Be4 66. Rg7 Rf5 67. Kg1 Rd5 68. Kh2 Kf2 69. Rf7+ Rf5 70. Ra7 Bd3 71. Ra3 Be2 72. Rb3 Rb5 73. Ra3 Re5 74. Ra7 Rf5 75. Ra3 Rf4 76. Ra2 g4 77. hxg4 Rxg4 78. Kh3 Re4 79. Rb2 Re5 80. Ra2 Rg5 81. Rb2 Rg3+ 82. Kxh4 Rxg2 83. Ra2 Rg4+ 84. Kh3 Rg5 85. Ra4 Rd5 86. Rb4 Kf3 87. Rb3+ Bd3 88. Kh4 Kf4 89. Rb6 Bf5 90. Kh5 Rd2 91. Kh6 Rd7 92. Kh5 Rh7+ 93. Rh6 Rg7 94. Rb6 Re7 95. Rb4+ Be4 96. Rb6 Rh7+ 97. Rh6 Rb7 98. Rh8 Bf5 99. Kh6 Rc7 100. Kh5 Ra7 101. Kh6 Rf7 102. Kh5 Rf6 103. Rg8 Rc6 104. Rf8 Rc2 105. Kh6 Rh2+ 106. Kg7 Rg2+ 107. Kf7 Ra2 108. Re8 Ra7+ 109. Re7 Ra8 110. Kf6 Ra6+ 111. Kf7 Kg5 112. Rc7 Rh6 113. Kg8 Be6+ 114. Kf8 Kf6 115. Rf7+ Ke5 116. Ra7 Rh8+ 117. Kg7 Rg8+ 118. Kh7 Kf6 119. Ra6 Rg4 120. Rxe6+ Kxe6 121. Kh6 Ke5 0-1

[Event "FIDE World Cup O10-TB 2024"]
[Site "Batumi"]
[Date "2024.07.02"]
[Round "2.5"]
[White "Karthik, Anand T."]
[Black "Ashwath Kaushik"]
[Result "1-0"]
[ECO "E06"]
[WhiteElo "2022"]
[BlackElo "2029"]
[Annotator "NA RC"]
[PlyCount "119"]
[EventDate "2024.06.23"]
[EventType "swiss"]
[EventCountry "GEO"]
[SourceTitle "playchess.com"]
[Source "ChessBase"]
[SourceQuality "1"]
[TimeControl "5400+30"]

1. d4 d5 2. c4 e6 3. g3 Nf6 4. Bg2 Be7 5. Nf3 O-O 6. O-O c6 7. Nc3 a5 {[%emt 0:00:04] E06: Closed Catalan: Early deviations.} 8. Ne5 Nbd7 9. e4 dxe4 10. Nxe4 Nxe4 11. Bxe4 Nf6 12. Bg2 Qb6 13. Nf3 Rd8 14. Qb3 Qa6 15. Be3 a4 16. Qc2 b5 17. cxb5 cxb5 18. Ne5 Bb7 19. Qc7 Bxg2 20. Qxe7 Qb7 21. Qxf7+ Qxf7 22. Nxf7 Bxf1 23. Nxd8 Bc4 24. Nb7 Bd5 25. Nc5 Kf7 26. a3 Rc8 27. Rc1 Ne4 28. Nd3 Rxc1+ 29. Bxc1 Nd6 30. Ne5+ Kf6 31. g4 Nc4 32. f4 Na5 33. Bd2 Nb3 34. Bc3 g5 35. h4 gxf4 36. Kf2 Be4 37. Nc6 Kf7 38. Na7 Bd3 39. Kf3 $16 Ke7 40. Nc6+ Kd6 41. Nb4 Bc4 42. Kxf4 Ke7 43. Kg5 Be2 44. Nc6+ Kd6 45. Ne5 Kd5 46. Nd7 Nxd4 47. Nf6+ Kc4 48. Bxd4 Kxd4 49. Nxh7 Bd3 50. Nf8 Kc4 51. Nxe6 Bb1 52. h5 Kb3 53. Nd4+ Kc4 54. Nf5 Kb3 55. h6 Kxb2 56. h7 Kxa3 57. h8=Q b4 58. Qa1+ Ba2 59. Qc1+ Kb3 60. Nd4# 1-0

[Event "FIDE World Cup O10-TB 2024"]
[Site "Batumi"]
[Date "2024.07.02"]
[Round "2.6"]
[White "Mrozowski, Nikodem"]
[Black "Rahul Ramakrishnan"]
[Result "0-1"]
[ECO "C02"]
[WhiteElo "1776"]
[BlackElo "1838"]
[Annotator "NA RC"]
[PlyCount "92"]
[EventDate "2024.06.23"]
[EventType "swiss"]
[EventCountry "GEO"]
[SourceTitle "playchess.com"]
[Source "ChessBase"]
[SourceQuality "1"]
[TimeControl "5400+30"]

1. e4 e6 2. d4 d5 3. e5 b6 4. Nf3 Ba6 5. Bxa6 Nxa6 6. c3 Qd7 7. Qd3 Nb8 8. O-O Ne7 9. b3 Nbc6 10. c4 Rd8 11. Rd1 Ng6 12. cxd5 Qxd5 13. Nc3 Qd7 14. Qe2 Bb4 15. Ne4 O-O 16. Be3 Be7 17. a3 Qd5 18. Qc2 Na5 19. Ned2 Nb7 20. Nc4 b5 21. Nb2 f6 22. b4 a5 23. bxa5 Nxa5 24. Qxc7 Nb3 25. exf6 Rxf6 26. Rab1 Rxf3 27. gxf3 Rf8 28. Nd3 Nh4 29. Ne1 Bd6 30. Qb6 Rb8 31. Qa7 Ra8 32. Qb6 Rb8 33. Qa7 Ra8 34. Qxa8+ Qxa8 35. Rxb3 Nxf3+ 36. Nxf3 Qxf3 37. Ra1 Qg4+ 38. Kf1 Bxh2 39. Rab1 h5 40. Rxb5 h4 41. Rg5 Qf3 42. Rc1 h3 43. a4 Bd6 44. Ke1 Bb4+ 45. Bd2 Bxd2+ 46. Kxd2 Qf4+ 0-1

[Event "FIDE World Cup O10-TB 2024"]
[Site "Batumi"]
[Date "2024.07.02"]
[Round "2.7"]
[White "AlJamaat, Khaled"]
[Black "Safin Safarullakhan"]
[Result "0-1"]
[ECO "E12"]
[WhiteElo "1644"]
[BlackElo "1879"]
[Annotator "NA RC"]
[PlyCount "95"]
[EventDate "2024.06.23"]
[EventType "swiss"]
[EventCountry "GEO"]
[SourceTitle "playchess.com"]
[Source "ChessBase"]
[SourceQuality "1"]
[TimeControl "5400+30"]

1. d4 Nf6 2. c4 e6 3. Nf3 b6 4. a3 Bb7 5. Nc3 Be7 6. e3 O-O 7. Be2 d5 8. cxd5 {[%emt 0:01:02] E12: Queen's Indian: Unusual White 4th moves, 4 a3, 4 Nc3 Bb7 5 a3 and 4 Nc3 Bb7 .} exd5 9. O-O c5 10. dxc5 bxc5 11. Qb3 Qc8 12. Rd1 Rd8 13. Qc2 Nc6 14. Na4 Ne4 15. Bd3 Ba6 16. Ne1 Bxd3 17. Nxd3 Na5 18. Nf4 Qb7 19. f3 Nb3 20. Rb1 Nf6 21. Bd2 d4 22. exd4 Rxd4 23. Nc3 Nxd2 24. Rxd2 Rxf4 25. Ne2 Rh4 26. Re1 Bf8 27. Ng3 Rd4 28. Rde2 g6 29. Nf1 Rad8 30. Nd2 $19 Qb5 31. Nf1 Qd3 32. Qc1 Nd5 33. Re8 Rxe8 34. Rxe8 Kg7 35. Qg5 Bd6 36. Qd8 Nf6 37. Qc8 Nxe8 38. Qxe8 Qb1 39. Qe2 Rd1 40. h3 Rxf1+ 41. Qxf1 Qxb2 42. Qa6 Bg3 43. Qf1 Qd4+ 44. Kh1 c4 45. f4 c3 46. f5 c2 47. f6+ Qxf6 48. Qc1 0-1

[Event "FIDE World Cup O10-TB 2024"]
[Site "Batumi"]
[Date "2024.07.02"]
[Round "2.9"]
[White "Azimov, Yasin"]
[Black "Guntaka, Aayansh"]
[Result "0-1"]
[ECO "D30"]
[WhiteElo "1833"]
[BlackElo "1872"]
[Annotator "NA RC"]
[PlyCount "60"]
[EventDate "2024.06.23"]
[EventType "swiss"]
[EventCountry "GEO"]
[SourceTitle "playchess.com"]
[Source "ChessBase"]
[SourceQuality "1"]
[TimeControl "5400+30"]

1. d4 d5 2. c4 e6 3. Nf3 c6 4. Nbd2 f5 5. g3 Bd6 6. Bg2 Nd7 7. O-O Nh6 8. Ne1 Nf7 9. Nd3 g5 10. b3 h5 11. Bb2 h4 12. Nf3 hxg3 13. fxg3 Nf6 14. c5 Bc7 15. Qc1 Ng4 16. h3 Ngh6 17. Nfe5 Nxe5 18. dxe5 b6 19. b4 Ba6 20. Bd4 b5 21. g4 fxg4 22. Rf6 Qe7 23. Qxg5 Kd7 24. Nf4 Rag8 25. Ng6 Qe8 26. hxg4 Bd8 27. Raf1 Bxf6 28. Rxf6 Rh7 29. Nf8+ Qxf8 30. Qf4 Qg7 0-1

[Event "FIDE World Cup O10-TB 2024"]
[Site "Batumi"]
[Date "2024.07.02"]
[Round "2.10"]
[White "Kalinichenko, German Yu"]
[Black "Lazarev, Egor"]
[Result "1-0"]
[ECO "B86"]
[WhiteElo "1634"]
[BlackElo "1683"]
[Annotator "NA RC"]
[PlyCount "47"]
[EventDate "2024.06.23"]
[EventType "swiss"]
[EventCountry "GEO"]
[SourceTitle "playchess.com"]
[Source "ChessBase"]
[SourceQuality "1"]
[TimeControl "5400+30"]

1. e4 c5 2. Nf3 d6 3. d4 cxd4 4. Nxd4 Nf6 5. Nc3 a6 6. Bc4 e6 7. Bb3 Be7 8. Be3 O-O 9. Qe2 b5 10. O-O-O Qc7 11. g4 b4 12. Na4 Nxe4 13. Nb6 Qxb6 14. Nxe6 Nc5 15. Bxc5 dxc5 16. Nxf8 Kxf8 17. Qf3 Bg5+ 18. Kb1 Ra7 19. Rhe1 g6 20. h4 Bxh4 21. Qf4 g5 22. Qe5 Be6 23. Bxe6 fxe6 24. Qf6+ 1-0

[Event "FIDE World Cup O10-TB 2024"]
[Site "Batumi"]
[Date "2024.07.02"]
[Round "2.11"]
[White "Shen, Houlin"]
[Black "Eshkol, Idan"]
[Result "1-0"]
[ECO "D30"]
[WhiteElo "1583"]
[BlackElo "1544"]
[Annotator "NA RC"]
[PlyCount "75"]
[EventDate "2024.06.23"]
[EventType "swiss"]
[EventCountry "GEO"]
[SourceTitle "playchess.com"]
[Source "ChessBase"]
[SourceQuality "1"]
[TimeControl "5400+30"]

1. d4 d5 2. c4 e6 3. Nf3 Nf6 4. g3 c6 5. Qc2 Qc7 6. Nbd2 Nbd7 7. Bg2 dxc4 8. Nxc4 c5 9. Bf4 Qc6 10. O-O Be7 11. Rac1 Qa6 12. Rfd1 O-O 13. dxc5 Nxc5 14. Bd6 Bxd6 15. Nxd6 b6 16. b4 Ncd7 17. b5 Qa3 18. Nd4 Nd5 19. Bxd5 exd5 20. N4f5 Kh8 21. Qc6 Rb8 22. Ne7 Ne5 23. Qxd5 Be6 24. Qxe5 Qxa2 25. Ra1 Qc2 26. e4 Qe2 27. Nef5 Qg4 28. f3 Qg5 29. h4 Qg6 30. h5 Qg5 31. h6 Bxf5 32. Nxf5 f6 33. Qc7 gxh6 34. Rxa7 Qg6 35. Rd7 Rfc8 36. Rxh7+ Kg8 37. Nxh6+ Qxh6 38. Qf7# 1-0

[Event "FIDE World Cup O10-TB 2024"]
[Site "Batumi"]
[Date "2024.07.02"]
[Round "2.12"]
[White "Hummatov, Safa"]
[Black "Akramov, Khasan"]
[Result "1/2-1/2"]
[ECO "B36"]
[WhiteElo "1693"]
[BlackElo "1718"]
[Annotator "NA RC"]
[PlyCount "73"]
[EventDate "2024.06.23"]
[EventType "swiss"]
[EventCountry "GEO"]
[SourceTitle "playchess.com"]
[Source "ChessBase"]
[SourceQuality "1"]
[TimeControl "5400+30"]

1. e4 c5 2. Nf3 g6 3. d4 cxd4 4. Nxd4 Nc6 5. c4 Nf6 6. Nc3 Nxd4 7. Qxd4 d6 8. Be3 Bg7 9. f3 O-O 10. Qd2 a6 11. Be2 Be6 12. O-O Qa5 13. Nd5 Qxd2 14. Nxe7+ Kh8 15. Bxd2 Rfe8 16. Nd5 Nxd5 17. cxd5 Bxd5 18. Bc3 Bxc3 19. bxc3 Be6 20. Rfd1 Rac8 21. Rxd6 Rxc3 22. a4 Rb3 23. Rc1 Re7 24. a5 Ra3 25. Rc5 Kg7 26. h3 Ra2 27. Kf1 Rd7 28. Rxd7 Bxd7 29. Rc7 Be6 30. Rc5 Bd7 31. Bc4 Bb5 32. Bxb5 Rxa5 33. Ke2 Rxb5 34. Rxb5 axb5 35. Kd3 Kf6 36. Kd4 g5 37. g3 1/2-1/2

[Event "FIDE World Cup O10-TB 2024"]
[Site "Batumi"]
[Date "2024.07.02"]
[Round "2.14"]
[White "Jakhaia, Andria"]
[Black "Bergmann, Rafael Antonio"]
[Result "0-1"]
[ECO "C47"]
[WhiteElo "1652"]
[BlackElo "1743"]
[Annotator "NA RC"]
[PlyCount "50"]
[EventDate "2024.06.23"]
[EventType "swiss"]
[EventCountry "GEO"]
[SourceTitle "playchess.com"]
[Source "ChessBase"]
[SourceQuality "1"]
[TimeControl "5400+30"]

1. e4 e5 2. Nf3 Nc6 3. Nc3 Nf6 4. Be2 d5 5. exd5 Nxd5 6. Bb5 Nxc3 7. bxc3 Bd6 8. O-O O-O 9. d4 exd4 10. cxd4 Bg4 11. c3 Qf6 12. Be2 Rfe8 13. Re1 Ne7 14. h3 Bxf3 15. Bxf3 c6 16. Rb1 Rab8 17. c4 Nf5 18. Rxe8+ Rxe8 19. c5 Bf8 20. Bb2 Qg6 21. Bc3 Re7 22. Rb2 Nh4 23. Rd2 Re1+ 24. Qxe1 Nxf3+ 25. Kh1 Nxe1 0-1

[Event "FIDE World Cup O10-TB 2024"]
[Site "Batumi"]
[Date "2024.07.02"]
[Round "2.15"]
[White "Xia, Joshua"]
[Black "Macosay Lopez, Julio David"]
[Result "1-0"]
[ECO "C75"]
[WhiteElo "2060"]
[BlackElo "1607"]
[Annotator "NA RC"]
[PlyCount "47"]
[EventDate "2024.06.23"]
[EventType "swiss"]
[EventCountry "GEO"]
[SourceTitle "playchess.com"]
[Source "ChessBase"]
[SourceQuality "1"]
[TimeControl "5400+30"]

1. e4 e5 2. Nf3 Nc6 3. Bb5 a6 4. Ba4 d6 5. c3 Bd7 6. O-O Nge7 7. d4 Ng6 8. Re1 Be7 9. Nbd2 O-O 10. Nf1 Bg4 11. h3 Bxf3 12. Qxf3 b5 13. Bb3 exd4 14. Bd5 Qd7 15. Bxc6 Qxc6 16. cxd4 Bf6 17. Be3 Rfe8 18. Ng3 Qc2 19. Re2 Qa4 20. Nf5 Ne7 21. Nxe7+ Rxe7 22. e5 Rae8 23. exf6 gxf6 24. Bh6 1-0

[Event "FIDE World Cup O10-TB 2024"]
[Site "Batumi"]
[Date "2024.07.02"]
[Round "2.16"]
[White "Ismailov, Omarbek"]
[Black "Kazimzade, Mahammad"]
[Result "0-1"]
[ECO "D02"]
[WhiteElo "1716"]
[BlackElo "1594"]
[Annotator "NA RC"]
[PlyCount "121"]
[EventDate "2024.06.23"]
[EventType "swiss"]
[EventCountry "GEO"]
[SourceTitle "playchess.com"]
[Source "ChessBase"]
[SourceQuality "1"]
[TimeControl "5400+30"]

1. d4 Nf6 2. Bf4 e6 3. e3 d5 4. Nf3 c5 5. c3 Nc6 6. Nbd2 Bd6 7. Bxd6 Qxd6 8. Bd3 O-O 9. O-O b6 10. e4 dxe4 11. Nxe4 Nxe4 12. Bxe4 Bb7 13. Ne5 Rad8 14. Qf3 Nxe5 15. dxe5 Bxe4 16. Qxe4 Qd5 17. Qa4 a5 18. Rfe1 Qb7 19. Rad1 h6 20. Qb5 Qc7 21. Qe2 Qc6 22. Rd3 Rxd3 23. Qxd3 Qc7 24. f4 Rd8 25. Qe3 Qc6 26. Rf1 Qd5 27. f5 Qd3 28. Qe1 exf5 29. Qf2 Re8 30. Qxf5 Qxf5 31. Rxf5 Re6 32. Kf2 b5 33. b3 b4 34. c4 a4 35. bxa4 Ra6 36. e6 fxe6 37. Rxc5 Rxa4 38. Rb5 Rxa2+ 39. Kf3 Rb2 40. c5 b3 41. c6 Rc2 42. Rb8+ Kf7 43. Rb7+ Kf6 44. c7 b2 45. h4 Rxc7 46. Rxb2 h5 47. Rb5 e5 48. Rb3 Kf5 49. g3 g6 50. Ra3 Rc4 51. Re3 e4+ 52. Kg2 Kg4 53. Kh2 Rc2+ 54. Kg1 Kf5 55. Ra3 Ke5 56. Ra6 Kd4 57. Rxg6 Ke3 58. Rg5 Kf3 59. Rxh5 e3 60. Re5 e2 61. h5 0-1

[Event "FIDE World Cup O10-TB 2024"]
[Site "Batumi"]
[Date "2024.07.02"]
[Round "2.18"]
[White "TURKI, YOUSEF HATTAN A"]
[Black "Makhsatuly, Rakhim"]
[Result "0-1"]
[ECO "E61"]
[WhiteElo "1401"]
[BlackElo "1630"]
[Annotator "NA RC"]
[PlyCount "104"]
[EventDate "2024.06.23"]
[EventType "swiss"]
[EventCountry "GEO"]
[SourceTitle "playchess.com"]
[Source "ChessBase"]
[SourceQuality "1"]
[TimeControl "5400+30"]

1. d4 Nf6 2. c4 g6 3. Nc3 Bg7 4. Nf3 d6 5. Bf4 Nbd7 6. Qc2 Nh5 7. Bg5 h6 8. Bh4 g5 9. Bg3 g4 10. Nd2 Bxd4 11. e3 Bg7 12. O-O-O Nxg3 13. hxg3 a5 14. f3 Nc5 15. Nb3 Nxb3+ 16. Qxb3 b6 17. e4 Bd7 18. a3 c6 19. Rh5 Be6 20. Qc2 Qc7 21. f4 Bd7 22. Re1 e6 23. f5 Be5 24. fxe6 Bxe6 25. Qd3 O-O-O 26. Kb1 f6 27. Be2 Qf7 28. Rhh1 Qg6 29. c5 b5 30. a4 Bc4 31. Qe3 Bxc3 32. Qxc3 Qxe4+ 33. Qc2 Ba2+ 34. Kc1 Qe3+ 35. Qd2 Qxc5+ 36. Qc2 Qxc2+ 37. Kxc2 bxa4 38. Bxg4+ Kc7 39. Re7+ Kb6 40. Rh5 Bb3+ 41. Kc3 Rhg8 42. Bf3 Rxg3 43. Rxh6 f5 44. Rhh7 Bd5 45. Rb7+ Kc5 46. Ra7 Bxf3 47. gxf3 Rxf3+ 48. Kc2 Rf2+ 49. Kc3 Rb8 50. Rhb7 Rxb7 51. Rxb7 Rf3+ 52. Kc2 f4 0-1

[Event "FIDE World Cup O10-TB 2024"]
[Site "Batumi"]
[Date "2024.07.02"]
[Round "2.19"]
[White "Muhammad Shayan Noushad Ibrahi"]
[Black "Obado, Sean Adrich"]
[Result "1-0"]
[ECO "C44"]
[WhiteElo "1785"]
[BlackElo "1631"]
[Annotator "NA RC"]
[PlyCount "83"]
[EventDate "2024.06.23"]
[EventType "swiss"]
[EventCountry "GEO"]
[SourceTitle "playchess.com"]
[Source "ChessBase"]
[SourceQuality "1"]
[TimeControl "5400+30"]

1. e4 e5 2. Nf3 Nc6 3. c3 Nf6 4. d4 Nxe4 5. d5 Bc5 6. dxc6 Bxf2+ 7. Ke2 Bb6 8. Qd5 Nf2 9. Rg1 bxc6 10. Qxe5+ Kf8 11. Nd4 Ng4 12. Qg3 d6 13. h3 Ne5 14. Be3 c5 15. Nb3 Nc4 16. N1d2 Nxb2 17. Kf2 Bb7 18. Be2 Qf6+ 19. Nf3 Qxc3 20. Rgc1 Nd3+ 21. Bxd3 Qxd3 22. Rd1 Qb5 23. Kg1 a5 24. Ng5 h6 25. Nf3 a4 26. Nbd2 Re8 27. Bf2 c4 28. Rab1 Bxf2+ 29. Qxf2 Qa6 30. Qd4 f6 31. Rdc1 c5 32. Qxc4 Qa7 33. Nh4 Ke7 34. Ng6+ Kd7 35. Nxh8 Rxh8 36. Qf7+ Kc8 37. Nc4 Rd8 38. Qe7 Rd7 39. Nxd6+ Kc7 40. Qxd7+ Kxd7 41. Rxb7+ Qxb7 42. Nxb7 1-0

[Event "FIDE World Cup O10-TB 2024"]
[Site "Batumi"]
[Date "2024.07.02"]
[Round "2.20"]
[White "Tsulaia, Giorgi"]
[Black "Akramov, Khusan"]
[Result "0-1"]
[ECO "B35"]
[WhiteElo "1646"]
[BlackElo "1477"]
[Annotator "NA RC"]
[PlyCount "114"]
[EventDate "2024.06.23"]
[EventType "swiss"]
[EventCountry "GEO"]
[SourceTitle "playchess.com"]
[Source "ChessBase"]
[SourceQuality "1"]
[TimeControl "5400+30"]

1. e4 c5 2. Nf3 g6 3. d4 cxd4 4. Nxd4 Nc6 5. Nc3 Bg7 6. Be3 Nf6 7. Bc4 O-O 8. Bb3 Re8 9. O-O d6 10. f3 Na5 11. Qd2 b6 12. Qd3 Nd7 13. Bd5 Ne5 14. Qe2 Rb8 15. f4 Ng4 16. Qd2 Nxe3 17. Qxe3 Ba6 18. Rfe1 Rc8 19. Rad1 Nc4 20. Bxc4 Rxc4 21. Nde2 Qc8 22. Rd2 Qc5 23. Qxc5 Rxc5 24. Rd5 Rec8 25. Rxc5 Rxc5 26. Kf2 Bxe2 27. Kxe2 Bxc3 28. bxc3 Rxc3 29. Kd2 Ra3 30. Ra1 e5 31. fxe5 dxe5 32. c3 f5 33. exf5 gxf5 34. Kc2 Ra4 35. Kb3 Rf4 36. Re1 e4 37. Re2 Kf7 38. Kc4 Ke6 39. Kd4 Rf1 40. Rd2 Re1 41. c4 f4 42. Rf2 Kf5 43. h3 h5 44. Rd2 e3 45. Rb2 Rd1+ 46. Kc3 Ke4 47. Rc2 a5 48. Rb2 Rd3+ 49. Kc2 Rd2+ 50. Kc3 Rxb2 51. h4 Rxg2 52. c5 bxc5 53. a4 e2 54. Kd2 e1=Q+ 55. Kxe1 Ke3 56. Kd1 f3 57. Ke1 Rg1# 0-1

[Event "FIDE World Cup O10-TB 2024"]
[Site "Batumi"]
[Date "2024.07.02"]
[Round "2.21"]
[White "Kiringoda, Thehas Rithmitha"]
[Black "Chkhartishvili, Lazare"]
[Result "1/2-1/2"]
[ECO "D02"]
[WhiteElo "1641"]
[BlackElo "1608"]
[Annotator "NA RC"]
[PlyCount "156"]
[EventDate "2024.06.23"]
[EventType "swiss"]
[EventCountry "GEO"]
[SourceTitle "playchess.com"]
[Source "ChessBase"]
[SourceQuality "1"]
[TimeControl "5400+30"]

1. d4 Nf6 2. Bf4 d5 3. e3 c5 4. c3 Nc6 5. Nf3 Qb6 6. Qc2 g6 7. Nbd2 Bg7 8. Be2 O-O 9. O-O Nh5 10. Bg3 Nxg3 11. hxg3 e5 12. dxe5 Nxe5 13. Nxe5 Bxe5 14. Nf3 Bg7 15. Rad1 Be6 16. Rd2 Qc6 17. Rfd1 b5 18. Ng5 Qb6 19. Bf3 Bh6 20. Nh3 Bf5 21. Qc1 d4 22. cxd4 cxd4 23. Rxd4 Rac8 24. Qa1 Rc2 25. g4 Be6 26. Be4 Rc5 27. Bd5 Bg7 28. Bxe6 Qxe6 29. Rd8 Qxg4 30. Rxf8+ Bxf8 31. Rd4 Qc8 32. Rd1 Rc2 33. Nf4 Bg7 34. Nd5 Qc5 35. b4 Qxd5 36. Qxg7+ Kxg7 37. Rxd5 a6 38. a4 bxa4 39. Ra5 Rc6 40. Rxa4 Kf6 41. Kf1 Ke6 42. Ke2 h5 43. g3 f6 44. Kd3 Kd6 45. Ra5 Ke6 46. e4 Kd7 47. f4 Ke6 48. f5+ gxf5 49. Rxf5 Rc8 50. Rxh5 Rg8 51. Ra5 Rxg3+ 52. Kd4 Rg1 53. Rxa6+ Ke7 54. b5 Rd1+ 55. Kc5 Rc1+ 56. Kb6 Kd7 57. Ka7 Rc7+ 58. Kb6 Rc4 59. Ra7+ Kd6 60. Ra6 Kd7 61. Ra5 Rxe4 62. Ka7 Re5 63. Ka6 Kc8 64. Ra2 Kb8 65. Rd2 Re8 66. Rd6 Rf8 67. Rd4 f5 68. Rf4 Rf7 69. Kb6 Rf6+ 70. Kc5 Kb7 71. Rh4 Rf7 72. Ra4 f4 73. Ra2 f3 74. Rf2 Rf5+ 75. Kd4 Kb6 76. Ke4 Rf8 77. Rxf3 Rxf3 78. Kxf3 Kxb5 1/2-1/2

[Event "FIDE World Cup O10-TB 2024"]
[Site "Batumi"]
[Date "2024.07.02"]
[Round "2.22"]
[White "Wee, Yu Xi Lyndon"]
[Black "Jibladze, Nikoloz"]
[Result "0-1"]
[ECO "E97"]
[WhiteElo "1408"]
[BlackElo "1612"]
[Annotator "NA RC"]
[PlyCount "78"]
[EventDate "2024.06.23"]
[EventType "swiss"]
[EventCountry "GEO"]
[SourceTitle "playchess.com"]
[Source "ChessBase"]
[SourceQuality "1"]
[TimeControl "5400+30"]

1. d4 Nf6 2. c4 g6 3. Nc3 Bg7 4. e4 d6 5. Nf3 O-O 6. Be2 Nc6 7. O-O e5 8. d5 Ne7 9. h3 Ne8 10. Bg5 h6 11. Be3 f5 12. exf5 gxf5 13. Nh2 f4 14. Bd2 Nf5 15. Bh5 Nf6 16. Bf3 Nd4 17. Re1 Nh7 18. Ne4 Nxf3+ 19. Qxf3 Ng5 20. Qb3 Nxe4 21. Rxe4 Qf6 22. Bc3 Qg6 23. f3 Bxh3 24. Re2 e4 25. Bxg7 Qxg7 26. fxe4 Bg4 27. Nxg4 Qxg4 28. Qf3 Qh4 29. Qh3 Qg5 30. Kf2 Rf6 31. Kf3 Raf8 32. Qg4 Rg6 33. Qxg5 hxg5 34. g4 Rh6 35. Rg1 Rh3+ 36. Kf2 f3 37. Rd2 Rf4 38. Rd3 Rxe4 39. Rxf3 Rh2+ 0-1